AoeStats
← conutunu

Arena

509396438Analyzed
1v1 RM · 7d ago on Sep 26, 2026· 30m 30s· 2 players
Game mode
Random Map
Map size
Tiny (2 player)
Population
200
Speed
Normal
Resources
Standard
Victory
Conquest
Starting age
Dark Age
Ending age
Imperial Age
RankedLock teamsTeams togetherTeam positionsShared explorationLock speedFull tech treeHidden civsTurbo modeCheats
Victory
Defeat
🇧🇪 Byzantines · Belgium
942
+17
🇪🇸 Chinese · Spain
955
-49
drogbazidane
11:47 Feudal Age
13:43 Wheelbarrow
16:41 Castle Age
14:49 Double-Bit Axe
15:07 Horse Collar
22:01 Bow Saw
22:46 Heavy Plow
24:45 Gold Mining
26:44 Loom
27:17 Hand Cart
30:30 Murder Holes
33:11 Imperial Age
30:35 Fletching
30:53 Scale Barding Armor
conutunu
10:33 Feudal Age
11:03 Double-Bit Axe
11:03 Horse Collar
18:59 Castle Age
19:24 Gold Mining
20:14 Bow Saw
21:19 Forging
21:19 Heavy Plow
22:05 Gold Shaft Mining
21:53 Scale Mail Armor
24:36 Fervor
26:06 Pikeman
26:46 Squires
27:05 Chain Mail Armor
27:26 Iron Casting
Connection lost

Rejoining the realm…

Still unreachable

The connection could not be restored.

Session expired

The server has moved on; the page needs a fresh start.